 Dungeon Crawl Stone Soup version 0.18.1-50-g88ac8fd (webtiles) character file.

339 Korbac the Vandal (level 6, -7/36 HPs)
             Began as a Kobold Hunter on Oct 15, 2016.
             Was an Initiate of Nemelex Xobeh.
             Killed by divine providence
             ... invoked by an orc priest
              (10 damage)
             ... on level 5 of the Dungeon.
             The game lasted 00:18:55 (3091 turns).

Korbac the Vandal (Kobold Hunter)                   Turns: 3091, Time: 00:18:56

Health: -7/36      AC:  5    Str: 12    XL:     6   Next: 86%
Magic:  6/6        EV: 16    Int: 12    God:    Nemelex Xobeh [......]
Gold:   141        SH:  0    Dex: 17    Spells: 0 memorised, 5 levels left

rFire  . . .     SeeInvis .     b - +0 short sword
rCold  . . .     Gourm    .     c - +0 leather armour
rNeg   . . .     Faith    .     (shield restricted)
rPois  .         Spirit   .     u - +1 helmet {Int+3}
rElec  .         Dismiss  .     (no cloak)
rCorr  .         Reflect  .     (no gloves)
SustAt .         Harm     .     (no boots)
MR     .....                    (no amulet)
Stlth  ++........               (no ring)
                                (no ring)

@: not resistant to hostile enchantments, unstealthy
A: carnivore 3
a: Renounce Religion


You were on level 5 of the Dungeon.
You worshipped Nemelex Xobeh.
Nemelex Xobeh was noncommittal.
You were full.

You visited 1 branch of the dungeon, and saw 4 of its levels.

You collected 141 gold pieces.

Inventory:

Hand Weapons
 a - a +1 hunting sling
 b - a +0 short sword (weapon)
Missiles
 e - 100 stones (quivered)
 l - 18 poisoned needles
Armour
 c - a +0 leather armour (worn)
 u - a +1 helmet of intelligence (worn)
Scrolls
 i - a scroll of recharging {unknown}
 k - 2 scrolls of fog {unknown}
 m - a scroll of remove curse {unknown}
 o - a scroll of enchant weapon {unknown}
 p - a scroll of fear {unknown}
 t - a scroll of teleportation
Potions
 g - 2 potions of lignification
 h - a potion of heal wounds {unknown}
 j - 4 potions of curing
Miscellaneous
 s - a plain deck of escape {drawn: 5}
Comestibles
 f - 2 meat rations
 q - a slice of pizza
 r - 2 fruits


   Skills:
 + Level 2.6 Fighting
 * Level 2.5 Short Blades
 * Level 7.7 Slings
 + Level 4.2 Dodging
 + Level 2.1 Stealth


You had 5 spell levels left.
You didn't know any spells.

Dungeon Overview and Level Annotations

Branches:
Dungeon (3/15)

Altars:
Dithmenos
Nemelex Xobeh

Annotations:
D:5 Menkaure


Innate Abilities, Weirdness & Mutations

You are small and have problems with some larger weapons.
You are carnivorous and can eat meat at any time.


Message History

Evoke which item? (* to show all) (? for menu, Esc to quit)
You draw a card...
It is Velocity.
The orc seems to slow down.
The orc wizard seems to slow down.
The orc seems to slow down.
The orc shouts!
The orc closely misses you.
You hit the orc but do no damage.
The orc is severely wounded.
The orc closely misses you.
You hit the orc but do no damage.
The orc is severely wounded.
You closely miss the orc.
The orc is severely wounded.
The orc wizard gestures wildly while chanting.
The orc wizard flickers and vanishes!
Deactivating autopickup; reactivate with Ctrl-A.
The orc misses you.
The orc priest calls down the wrath of Beogh upon you.
Beogh smites you!
You die...
Your body disappears without a glow.

M.##.............
.##..r..........#
.#..............##
.#....(......o...#
M......((........#
....)....({.....##
..........(......#
#.......(..o....##
##............#o@#
##...........##..#
###.........##...#
# #......## ##..#
.# #..... #.## #.
.... ### .ยง ....
# #


You could see an orc priest and 2 orcs.

Vanquished Creatures
  An ogre (D:5)
  Natasha (thrice) (D:2)
  2 orc wizards (D:3)
  3 adders
  An ooze (D:2)
  4 worms
  2 giant geckos (D:1)
  12 orcs
  2 ball pythons
  4 giant cockroaches
  7 goblins
  6 hobgoblins
  4 jackals
  6 bats
  7 giant newts
  5 kobolds
  4 rats
73 creatures vanquished.

Notes
Turn   | Place    | Note
--------------------------------------------------------------
     0 | D:1      | Korbac the Kobold Hunter began the quest for the Orb.
     0 | D:1      | Reached XP level 1. HP: 12/12 MP: 1/1
    79 | D:1      | Reached skill level 5 in Slings
   273 | D:1      | Reached XP level 2. HP: 17/17 MP: 2/2
   510 | D:1      | Reached XP level 3. HP: 12/21 MP: 3/3
  1026 | D:2      | Reached skill level 1 in Short Blades
  1028 | D:2      | Noticed Natasha
  1041 | D:2      | Killed Natasha
  1041 | D:2      | Reached skill level 6 in Slings
  1041 | D:2      | Reached XP level 4. HP: 21/27 MP: 4/4
  1481 | D:2      | Noticed Natasha
  1497 | D:2      | Killed Natasha
  1497 | D:2      | Reached XP level 5. HP: 30/31 MP: 5/5
  1565 | D:2      | Noticed Natasha
  1582 | D:2      | Killed Natasha
  1891 | D:1      | You fall through a shaft!
  1979 | D:3      | Found a sparkling altar of Nemelex Xobeh.
  2012 | D:3      | Became a worshipper of Nemelex Xobeh the Trickster
  2405 | D:2      | Reached XP level 6. HP: 36/36 MP: 6/6
  2588 | D:3      | Received a gift from Nemelex Xobeh
  2872 | D:3      | Reached skill level 7 in Slings
  3048 | D:3      | You fall through a shaft for 2 floors!
  3048 | D:5      | Entered Level 5 of the Dungeon
  3048 | D:5      | Found a shadowy altar of Dithmenos.
  3063 | D:5      | Noticed Menkaure
  3064 | D:5      | Noticed an ogre
  3082 | D:5      | Killed an ogre
  3091 | D:5      | Killed from afar by an orc priest

Skill      XL: |  1  2  3  4  5  6 |
---------------+-------------------+-----
Slings         | 5 6 7 |  7.7
Short Blades   | 1 2 |  2.5
Dodging        | 3 4 |  4.2
Stealth        | 2 |  2.1
Fighting       | |  2.6

Action                   |  1- 3 |  4- 6 || total
-------------------------+-------+-------++-------
Melee: Short sword       |    79 |   137 ||   216
 Fire: Hunting sling     |    32 |    78 ||   110
Evoke: Deck              |       |     5 ||     5
  Use: Scroll            |       |     5 ||     5
 Stab: Sleeping          |     2 |       ||     2
  Eat: Chunk             |     2 |       ||     2
       Pizza             |     1 |       ||     1
       Meat ration       |       |     1 ||     1
       Beef jerky        |       |     1 ||     1
Armor: Leather armour    |    20 |    32 ||    52
Dodge: Dodged            |    74 |   126 ||   200
